 Dungeon Crawl Stone Soup version 0.25.1-2-g60ff931df9 (webtiles) character file.

Game seed: 5639507074868303849

182 Doot the Magician (level 5, 0/38 HPs)
             Began as a Draconian Wizard on Oct 13, 2020.
             Killed from afar by an orc wizard (14 damage)
             ... with a puff of flame
             ... on level 3 of the Dungeon.
             The game lasted 00:07:52 (2659 turns).

Doot the Magician (Draconian Wizard)                Turns: 2659, Time: 00:07:53

Health: 0/38       AC:  5    Str:  9    XL:     5   Next: 34%
Magic:  0/11       EV: 12    Int: 19    God:
Gold:   120        SH:  0    Dex: 10    Spells: 0/13 levels left

rFire    . . .     SeeInvis .   i - +1 dagger (freeze)
rCold    + . .     Gourm    .   (no shield)
rNeg     . . .     Faith    .   (armour unavailable)
rPois    .         Spirit   .   a - +0 hat
rElec    .         Reflect  .   (no cloak)
rCorr    .         Harm     .   (no gloves)
MR       .....                  (no boots)
Stlth    ++........             (no amulet)
HPRegen  0.12/turn              f - ring of protection from cold
MPRegen  0.12/turn              (no ring)

@: very slightly contaminated
A: unfitting armour, cold-blooded, AC +5
a: no special abilities


You were on level 3 of the Dungeon.
You were not hungry.

You visited 1 branch of the dungeon, and saw 4 of its levels.

You collected 120 gold pieces.

Inventory:

Hand Weapons
 e - a +0 dagger
 i - a +1 dagger of freezing (weapon)
Missiles
 j - 3 poisoned darts (quivered)
Armour
 a - a +0 hat (worn)
Jewellery
 f - a ring of protection from cold (left hand)
Scrolls
 d - a scroll of teleportation {unknown}
 g - 6 scrolls of remove curse {unknown}
 h - 3 scrolls of identify {unknown}
Comestibles
 c - 4 rations


   Skills:
 + Level 0.3 Short Blades
 + Level 2.0 Dodging
 + Level 2.1 Stealth
 + Level 4.6 Spellcasting
 + Level 2.6 Conjurations
 + Level 1.8 Summonings
 + Level 1.0 Translocations


You couldn't memorise any spells.
You knew the following spells:

 Your Spells              Type           Power        Failure   Level  Hunger
a - Magic Dart            Conj           ##..         4%          1    None
b - Blink                 Tloc           N/A          13%         2    #......
c - Call Imp              Summ           ##......     9%          2    #......
d - Mephitic Cloud        Conj/Pois/Air  #.......     26%         3    ###....
e - Conjure Flame         Conj/Fire      #.......     22%         3    ###....
f - Slow                  Hex            #.......     21%         2    #......

Your spell library contained the following spells:

 Spells                   Type           Power        Failure   Level  Hunger


Dungeon Overview and Level Annotations

Branches:
Dungeon (4/15)
 Temple: D:4-7

Altars:
Dithmenos
Gozag
Okawaru

Annotations:
D:3 Robin
D:4 Sigmund


Innate Abilities, Weirdness & Mutations

Your plain brown scales are hard. (AC +5)
You cannot fit into any form of body armour.
You are cold-blooded and may be slowed by cold attacks.


Message History

The orc wizard hits you but does no damage.
You closely miss the orc wizard.
The orc wizard is heavily wounded.
The orc wizard casts a spell at you. The magic dart hits you!
The orc wizard casts a spell at you. The magic dart hits you.
Casting: Mephitic Cloud (quite dangerous; 26% risk of failure)
Confirm with . or Enter, or press ? or * to list all spells.
You don't have enough magic to cast that spell.
You barely miss the orc wizard.
The orc wizard is heavily wounded.
The orc wizard gestures at you while chanting.
The puff of frost misses you.
You closely miss the orc wizard.
The orc wizard is heavily wounded.
The orc wizard hits you but does no damage.
The orc wizard points at you and mumbles some strange words.
The puff of flame hits you!
You die...

#.#..##...........(#.#.... ..
#...#...######..##...#.######
##..##...# ###....###.##
##..####### ##...$.#.....##
##...##########.............##
#........#.#.#.#.#...........#
#..######...)................#
#.>...# ##.......#...........#
#..##.###..)>..@.............###
#..##.##.#....o..#..............
#..##. #.......°.............###
#(.##.##.#.....○○#..........##
#####..[.............#.....##
####.#.#.#.#.#.######...####
#...(####...# #..))... #....#
#### #....... #....# #.......


You could see an orc wizard (fast).

Vanquished Creatures
  An orc priest (D:3)
  Jessica (D:3)
  3 adders
  An ooze (D:1)
  A dart slug (D:3)
  2 leopard geckos
  9 orcs (D:3)
  3 ball pythons
  7 bats
  10 goblins
  5 hobgoblins
  2 jackals (D:2)
  3 kobolds (D:3)
  2 frilled lizards
  4 rats
54 creatures vanquished.

Vanquished Creatures (collateral kills)
  A bullfrog skeleton (D:3)
  An adder (D:2)
  A worm (D:2)
  2 orcs
5 creatures vanquished.

Grand Total: 59 creatures vanquished

Notes
Turn   | Place    | Note
-------+----------+-------------------------------------------
     0 | D:1      | Doot the Draconian Wizard began the quest for the Orb.
     0 | D:1      | Reached XP level 1. HP: 14/14 MP: 4/4
   209 | D:1      | Reached XP level 2. HP: 17/20 MP: 0/6
   314 | D:1      | Learned a level 2 spell: Blink
   317 | D:1      | Learned a level 2 spell: Call Imp
   798 | D:2      | Reached XP level 3. HP: 26/26 MP: 4/8
  1029 | D:2      | Found a shadowy altar of Dithmenos.
  1130 | D:2      | Reached skill level 4 in Spellcasting
  1198 | D:2      | Learned a level 3 spell: Mephitic Cloud
  1242 | D:3      | Found an iron altar of Okawaru.
  1250 | D:3      | Reached XP level 4. HP: 33/33 MP: 0/10
  1255 | D:3      | Learned a level 3 spell: Conjure Flame
  1490 | D:3      | Noticed Jessica
  1502 | D:3      | Killed Jessica
  1765 | D:3      | Noticed Robin
  1897 | D:4      | Noticed Sigmund
  2178 | D:3      | Found an opulent altar of Gozag.
  2267 | D:3      | Reached XP level 5. HP: 30/38 MP: 8/11
  2271 | D:3      | Learned a level 2 spell: Slow
  2659 | D:3      | Killed from afar by an orc wizard

Illustrated notes

Levels and vault maps discovered:
D:1:      nicolae_arrival_memento_mori, layout_rooms, hangedman_decor_opposing
D:2:      layout_loops_ring, yredelemnul_forgotten_temple_becter,
          marbit_many_paths, grunt_dithmenos_smoke_and_mirrors,
          makhleb_blood_cavern_becter, first_ration
D:3:      layout_rooms, grunt_gozag_breadcrumbs, st_stairs_4,
          okawaru_gym_becter, uniq_robin, uniq_jessica
D:4:      layout_cave_pools, lemuel_coloured_pillars_altar, serial_shops, shop,
          uniq_sigmund

Skill      XL: |  1  2  3  4 |
---------------+-------------+-----
Dodging        | 2 |  2.0
Spellcasting   | 4 |  4.6
Stealth        | 2 |  2.1
Conjurations   | 2 |  2.6
Short Blades   | |  0.3
Summonings     | |  1.8
Translocations | |  1.0

Action                   |  1- 3 |  4- 6 || total
-------------------------+-------+-------++-------
Melee: Dagger            |    20 |    44 ||    64
       Tailslap          |     2 |     4 ||     6
 Cast: Magic Dart        |    58 |    73 ||   131
       Call Imp          |     8 |     2 ||    10
       Blink             |       |     2 ||     2
       Mephitic Cloud    |       |     5 ||     5
       Slow              |       |     1 ||     1
 Stab: Sleeping          |     2 |       ||     2
       Confused          |       |     1 ||     1
  Eat: Chunk             |     1 |     5 ||     6
Armor: Skin              |    14 |    15 ||    29
Dodge: Dodged            |    23 |    51 ||    74
